 Dungeon Crawl Stone Soup version 0.29.0-4-gdea44cf6ec (webtiles) character file.

Game seed: 15005361197621064869

26 qw the Chopper (level 3, -1/21 HPs)
             Began as a Tengu Warper on Aug 28, 2022.
             Slain by a kobold
             ... wielding a +0 mace
              (5 damage)
             ... on level 2 of the Dungeon.
             The game lasted 00:00:08 (1185 turns).

qw the Chopper (Tengu Warper)                       Turns: 1185, Time: 00:00:09

Health: -1/21      AC:  3    Str: 13    XL:     3   Next: 8%
Magic:  7/7        EV: 12    Int: 13    God:
Gold:   7          SH:  0    Dex: 13    Spells: 6/6 levels left

rFire   . . .      SeeInvis .   Y - +0 hand axe
rCold   . . .      Faith    .   (no shield)
rNeg    . . .      Spirit   .   b - +0 leather armour
rPois   .          Reflect  .   (helmet restricted)
rElec   .          Harm     .   (no cloak)
rCorr   .          Rampage  .   (no gloves)
Will    .....                   (boots unavailable)
Stlth   +.........              (no amulet)
HPRegen 0.07/turn               (no ring)
MPRegen 0.10/turn               (no ring)

@: lethally poisoned (-1 -> -3)
A: beak, talons 3
a: no special abilities


You were on level 2 of the Dungeon.
You visited 1 branch of the dungeon, and saw 2 of its levels.

You collected 73 gold pieces.
You spent 66 gold pieces at shops.


Innate Abilities, Weirdness & Mutations

You have a beak for a mouth.
You have claws for feet.


   Skills:
 - Level 2.0 Fighting
 + Level 3.8 Axes
 - Level 1.0 Throwing
 - Level 1.1 Armour
 - Level 2.1 Dodging
 - Level 2.0 Spellcasting
 - Level 2.4 Translocations


You had 6 spell levels left.
You didn't know any spells.
Your spell library contained the following spells:

 Spells                   Type           Power      Damage    Failure   Level
 Blink                    Tloc           14%        N/A       19%         2
 Gell's Gravitas          Tloc           7%         N/A       36%         3
 Lesser Beckoning         Tloc           7%         N/A       36%         3
 Teleport Other           Tloc           7%         N/A       36%         3
 Manifold Assault         Tloc           7%         N/A       98%         5

Inventory:

Hand Weapons
 f - a +0 whip
 Y - a +0 hand axe (weapon)
Armour
 b - a +0 leather armour (worn)
 g - a +0 scale mail
Scrolls
 a - a scroll of immolation {unknown}
 h - 3 scrolls of identify
Potions
 c - a potion of magic {unknown}
 d - 2 potions of curing {unknown}
 e - a potion of resistance {unknown}
 i - a potion of mutation {unknown}

Dungeon Overview and Level Annotations

Branches:
Dungeon (2/15)

Altars:

Shops:
D:2 ?


Message History

There is an open door here.
You open the door.
There is an open door here.
g - a +0 scale mail
Found a stone staircase leading down.
Enter note:
There is an entrance to Typiw's Magic Scroll Emporium here.
1168 ||| BUYING scroll of identify (22 gold).
h - a scroll of identify Thank you for shopping at Typiw's Magic Scroll Emporium!
1168 ||| BUYING scroll of identify (22 gold).
h - 2 scrolls of identify (gained 1) Thank you for shopping at Typiw's Magic Scroll Emporium!
1168 ||| BUYING scroll of identify (22 gold).
h - 3 scrolls of identify (gained 1) Thank you for shopping at Typiw's Magic Scroll Emporium!
A kobold comes into view.
It is wielding a +0 mace and quivering poisoned darts.
1173 ||| Stepping ~*~*~tactically~*~*~ (stealth).
1174 ||| Stepping ~*~*~tactically~*~*~ (stealth).
The kobold shouts!
The kobold drinks a potion.
The kobold flickers and vanishes!
Deactivating autopickup; reactivate with Ctrl-A.
You swing at nothing.
You swing at nothing.
A poisoned dart appears from out of thin air!
The poisoned dart hits you!
You are poisoned.
You swing at nothing.
You feel very sick.
You miss something.
You feel sick. Something hits you. x2
You barely miss something.
You feel sick. Something hits you.
You hit something but do no damage.
You feel sick. Something hits you but does no damage.
You closely miss something.
You feel sick. Something hits you but does no damage.
You miss something.
You feel sick. Something hits you.
You die...

### .. . #.# .. .
###..####.. .#'#
#.......#.# #.#.#
#.......#.# ....
#......>#.# ..#
#.......#.##..#
+.......#..@..#
###.......#.....#
#.#...........777.....
#.......\....77 7..##
######.......77 7..#
............77 7...
######.....77 7.. )
###.#.7 .. # #...7


There were no monsters in sight!

Vanquished Creatures
  A ball python (D:1)
  2 bats
  2 giant cockroaches (D:1)
  2 hobgoblins (D:1)
  3 frilled lizards
  7 goblins
  5 kobolds (D:1)
  A rat (D:1)
23 creatures vanquished.

Notes
Turn   | Place    | Note
-------+----------+-------------------------------------------
     0 | D:1      | qw the Tengu Warper began the quest for the Orb.
     0 | D:1      | Reached XP level 1. HP: 12/12 MP: 4/4
     0 | D:1      | 0 ||| qw: Version: 0.1-a-89-g26bdef1
     0 | D:1      | 0 ||| qw: Game counter: 1920
     0 | D:1      | 0 ||| qw: Always use a shield: true
     0 | D:1      | 0 ||| qw: God list: Okawaru
     0 | D:1      | 0 ||| qw: Allow faded altars: false
     0 | D:1      | 0 ||| qw: Do Orc after D:15 true
     0 | D:1      | 0 ||| qw: Do second Lair branch before Depths: true
     0 | D:1      | 0 ||| qw: Lair rune preference: random
     0 | D:1      | 0 ||| qw: Plans: Normal
     0 | D:1      | 0 ||| PLANNING D:1-11
    52 | D:1      | 52 ||| Stepping ~*~*~tactically~*~*~ (stealth).
    55 | D:1      | 55 ||| Stepping ~*~*~tactically~*~*~ (stealth).
    64 | D:1      | Reached skill level 3 in Axes
    64 | D:1      | Reached XP level 2. HP: 8/17 MP: 6/6
   286 | D:1      | 286 ||| DROPPING +0 club.
   442 | D:1      | 442 ||| Stepping ~*~*~tactically~*~*~ (stealth).
   837 | D:1      | 837 ||| READING scroll labelled BUIRRY ORASS.
   838 | D:1      | 838 ||| READING scroll labelled GOTTAA GUUVUAM.
   842 | D:1      | 842 ||| READING scroll labelled VUMAMU SUNULU.
   843 | D:1      | 843 ||| DROPPING scroll of blinking.
   882 | D:2      | Reached XP level 3. HP: 19/21 MP: 7/7
  1160 | D:2      | Found Typiw's Magic Scroll Emporium.
  1168 | D:2      | 1168 ||| BUYING scroll of identify (22 gold).
  1168 | D:2      | Bought a scroll of identify for 22 gold pieces
  1168 | D:2      | 1168 ||| BUYING scroll of identify (22 gold).
  1168 | D:2      | Bought a scroll of identify for 22 gold pieces
  1168 | D:2      | 1168 ||| BUYING scroll of identify (22 gold).
  1168 | D:2      | Bought a scroll of identify for 22 gold pieces
  1173 | D:2      | 1173 ||| Stepping ~*~*~tactically~*~*~ (stealth).
  1174 | D:2      | 1174 ||| Stepping ~*~*~tactically~*~*~ (stealth).
  1184 | D:2      | HP: 5/21 [poisoned by a kobold]
  1185 | D:2      | Slain by a kobold

Levels and vault maps discovered:
D:1:      dpeg_arrival_orchard, layout_rooms
D:2:      layout_basic, serial_shops, shop, dilly_ecumenical_altar_fadedgnrine

Skill      XL: |  1 |
---------------+----+-----
Axes           | 3 |  3.8
Fighting       | |  2.0
Throwing       | |  1.0
Armour         | |  1.1
Dodging        | |  2.1
Spellcasting   | |  2.0
Translocations | |  2.4

Action                   || total
-------------------------++-------
Melee: Hand axe          ||    44
       Kick              ||    16
       Peck              ||     4
Throw: Boomerang         ||     7
  Use: Scroll            ||     3
Armor: Leather armour    ||    13
Dodge: Dodged            ||    30

Table legend:
 A = Non-vault XP
 B = Vault XP
 C = Vault XP percentage of total XP
 D = Non-vault monster count
 E = Vault monster count
 F = Vault count percentage of total count
                 A         B        C        D         E       F
            +---------+---------+-------+---------+---------+-------
      Total |      38 |       0 |   0.0 |      23 |       0 |   0.0
            +---------+---------+-------+---------+---------+-------
        D:1 |      33 |       0 |   0.0 |      20 |       0 |   0.0
        D:2 |       5 |       0 |   0.0 |       3 |       0 |   0.0
            +---------+---------+-------+---------+---------+-------
